 Dungeon Crawl Stone Soup version 0.23.2-1-ga50397a6bc (webtiles) character file.

Game seed: 9778492783546132444

89163 Mrkan the Peltast (level 15, -15/145 HPs)
             Began as a Troll Monk on May 22, 2019.
             Was the Champion of Ru.
             Killed from afar by an efreet (27 damage)
             ... with a fireball
             ... on level 14 of the Dungeon.
             The game lasted 01:21:24 (23141 turns).

Mrkan the Peltast (Troll Monk)                     Turns: 23141, Time: 01:21:25

Health: -15/145    AC: 13    Str: 23    XL:     15   Next: 48%
Magic:  9/14       EV: 13    Int:  6    God:    Ru [******]
Gold:   2193       SH: 19    Dex: 12    Spells: 14/14 levels left

rFire    x . .     SeeInvis .     - Unarmed
rCold    . . .     Gourm    +   I - +0 large shield
rNeg     . . .     Faith    .   q - +0 troll leather armour
rPois    +         Spirit   .   a - +2 hat of Words of Power {rPois Regen+ Dex-3 Stlth-}
rElec    .         Reflect  .   M - +2 cloak {+Inv}
rCorr    .         Harm     .   (gloves unavailable)
MR       ++...                  (boots unavailable)
Stlth    ..........             (no amulet)
HPRegen  1.54/turn              W - ring of protection from magic
MPRegen  0.14/turn              L - ring of protection from cold

@: exhausted, slowed, drained, very slow
A: large, unfitting armour, claws 3, clumsy 1, fast metabolism 3, gourmand,
regeneration 1, shaggy fur 1, tough skin 3, no stealth, hated by all, no
conjurations magic, no ice magic, no necromancy magic, temperature sensitive
a: Draw Out Power, Power Leap, Apocalypse, Renounce Religion, Evoke Invisibility


You were on level 14 of the Dungeon.
You worshipped Ru.
Ru was exalted by your worship.
You were very full.

You visited 3 branches of the dungeon, and saw 22 of its levels.
You also visited: Ossuary.

You collected 2193 gold pieces.

Inventory:

Hand Weapons
 r - a +3 great sword of holy wrath
 E - a +2 whip of flaming
 R - a +2 flail of flaming
Missiles
 c - 22 javelins (quivered)
 o - 2 poisoned tomahawks
 T - 4 throwing nets
 V - 14 large rocks
Armour
 a - the +2 hat of Words of Power (worn) {rPois Regen+ Dex-3 Stlth-}
   (You acquired it on level 14 of the Dungeon)

   It affects your dexterity (-3).
   It protects you from poison.
   It increases your rate of regeneration.
   It makes you less stealthy.
 q - a +0 troll leather armour (worn)
 z - a scarf of resistance
 I - a +0 large shield (worn)
 M - a +2 cloak of invisibility (worn)
Jewellery
 C - an uncursed ring of poison resistance
 H - an uncursed ring of see invisible
 L - a ring of protection from cold (right claw)
 S - a +5 ring of dexterity
 W - a ring of protection from magic (left claw)
Wands
 e - a wand of disintegration (32)
 l - a wand of paralysis (9)
 t - a wand of clouds (7)
 u - a wand of iceblast (9)
 v - a wand of acid (16)
 G - a wand of digging (3)
 Q - a wand of flame (43)
 U - a wand of scattershot (13)
Scrolls
 d - 7 scrolls of teleportation
 g - 7 scrolls of remove curse
 i - 4 scrolls of enchant weapon
 k - 5 scrolls of enchant armour
 w - a scroll of blinking
 y - 2 scrolls of magic mapping
 A - 6 scrolls of immolation
 F - a scroll of acquirement
 K - 2 scrolls of fear
 N - 2 scrolls of identify
 O - 3 scrolls of fog
Potions
 f - 2 potions of invisibility
 h - 2 potions of resistance {unknown}
 j - 2 potions of cancellation
 m - 2 potions of magic {unknown}
 n - a potion of agility
 p - 2 potions of lignification
 s - 3 potions of haste
 x - a potion of flight {unknown}
 B - 12 potions of curing
 D - 5 potions of brilliance
 J - 4 potions of mutation
 X - a potion of heal wounds
 Y - a potion of might
Comestibles
 b - 36 rations
 P - 3 chunks of flesh


   Skills:
 + Level 8.7(7.4) Fighting
 - Level 10.0(8.6) Throwing
 + Level 2.7(1.6) Armour
 - Level 10.5(9.1) Dodging
   Level 0.0 Stealth
 - Level 15.0(13.5) Shields
 - Level 10.2(8.9) Unarmed Combat


You had 14 spell levels left.
You didn't know any spells.
Your spell library contained the following spells:

 Spells                   Type           Power        Failure   Level  Hunger
 Apportation              Tloc           #.....       61%         1    ##.....
 Beastly Appendage        Tmut           #.....       61%         1    ##.....
 Confusing Touch          Hex            #.....       61%         1    ##.....
 Sandblast                Erth           #.....       61%         1    ##.....
 Passwall                 Tmut/Erth      #.......     75%         2    ###....
 Spider Form              Tmut/Pois      #.........   93%         3    ####...
 Petrify                  Tmut/Erth      #.......     100%        4    #####..
 Blade Hands              Tmut           #.........   100%        5    ######.
 Lee's Rapid Deconstruct  Erth           #.........   100%        5    ######.
 Ring of Flames           Chrm/Fire      #.........   100%        7    #######
 Ignition                 Fire           #.........   100%        8    #######
 Animate Skeleton         Necr           Unusable     N/A         1    N/A
 Summon Small Mammal      Summ           Unusable     N/A         1    N/A
 Call Imp                 Summ           Unusable     N/A         2    N/A
 Sticks to Snakes         Tmut           Unusable     N/A         2    N/A
 Call Canine Familiar     Summ           Unusable     N/A         3    N/A
 Stone Arrow              Conj/Erth      Unusable     N/A         3    N/A
 Summon Guardian Golem    Hex/Summ       Unusable     N/A         3    N/A
 Ice Form                 Ice/Tmut       Unusable     N/A         4    N/A
 Summon Ice Beast         Ice/Summ       Unusable     N/A         4    N/A
 Summon Lightning Spire   Summ/Air       Unusable     N/A         4    N/A
 Fireball                 Conj/Fire      Unusable     N/A         5    N/A

Dungeon Overview and Level Annotations

Branches:
Dungeon (14/15)            Temple (0/1) D:4            Lair (6/6) D:9
  Swamp (0/4) Lair:4        Snake (0/4) Lair:4        Slime (0/5) Lair:5
    Orc (2/2) D:12            Elf (0/3) Orc:2        Vaults (0/5) D:13

Altars:
Ashenzari
Dithmenos
Gozag
Nemelex Xobeh
Qazlal
Ru
Sif Muna
Trog
Uskayaw
Vehumet
Xom
Yredelemnul
Zin
The Shining One
Jiyva

Shops:
D:6 !   D:8 ((!*   D:12 *   Orc:2 [*!?

Annotations:
D:11 2 transporters, Menchi's ghost, journeyman GnFi
D:14 1 runed translucent door
Lair:5 1 runed translucent door, exclusion: 2 oklob plants


Innate Abilities, Weirdness & Mutations

You are too large for most types of armour.
You have claws for hands.
You are clumsy. (Dex -2)
Your metabolism is lightning-fast.
You like to eat raw meat.
Your natural rate of healing is unusually fast.
You are covered in fur. (AC +1)
You have extremely tough skin. (AC +3)
You cannot be stealthy.
You are hated by all.
You cannot study or cast Conjurations magic.
You cannot study or cast Ice magic.
You cannot study or cast Necromancy magic.
You are sensitive to extremes of temperature. (rF-, rC-)


Message History

You block the efreet's attack.
A sky beast appears from thin air!
Reactivating autopickup.
You scratch the efreet but do no damage.
You block the efreet's attack.
You barely miss the efreet. The efreet gestures at you.
The fireball explodes!
The fireball engulfs you! The fire burns you terribly!
* * * LOW HITPOINT WARNING * * *
The fireball engulfs the efreet.
The efreet completely resists.
You hear a horrible gurgling sound! x2
You scratch the efreet but do no damage.
The efreet gestures at you.
The fireball explodes!
The fireball engulfs you!! The fire burns you terribly!
* * * LOW HITPOINT WARNING * * *
The fireball engulfs the efreet.
The efreet completely resists.
The sky beast flickers out of sight!
Deactivating autopickup; reactivate with Ctrl-A.
The efreet gestures at you.
The fireball explodes!
The fireball engulfs you!! The fire burns you terribly!
You die...

... #....<....###..# ...
#....#[..##u##.. #######'#
#.......###.###. #.......#
#......####.####
#.......######'###.#uA.u..>#
#......>...........###+u####
#.......)...........###u###.
#......hh.#††........##u##..
#.......H.#@#.#####...###...
#.......#.#R#.# #.........
#..^....'.#{#§# #.........
#......†#.....# #.#.....##
###......○...## ##'#....##
#+#'###...## #...(†#.### ...
○...# ####[......... .....
.....# #..'...)......
......P♣P○..# ####...##.....


You could see an efreet.

Vanquished Creatures
  Kirke (D:14)
  An orc warlord (Orc:2)
  A dire elephant (Lair:6)
  An ettin (Orc:1)
  Harold (Lair:1)
  7 hydras
  A catoblepas (D:13)
  A merfolk avatar (Lair:6)
  3 two-headed ogres
  A centaur warrior (D:13)
  A tengu warrior (D:14)
  7 death yaks
  5 orc high priests (Orc:2)
  A fire crab (Lair:4)
  An unseen horror (D:10)
  2 harpies (Lair:6)
  A necromancer (D:13)
  10 wizards (D:10)
  7 orc knights (Orc:2)
  An oklob plant (Lair:3)
  7 ugly things
  3 cyclopes
  A black mamba (Lair:1)
  8 elephants
  2 torpor snails (Lair:6)
  11 spiny frogs
  8 rime drakes
  11 komodo dragons
  A tengu conjurer (D:14)
  8 trolls
  Grinder (D:3)
  A polar bear (Lair:6)
  3 hornets
  6 slime creatures
  14 hippogriffs
  Prince Ribbit (D:7)
  18 blink frogs
  A shadow (D:12)
  10 hogs
  7 wyverns
  A human (D:7)
  72 yaks
  A wraith (D:13)
  6 hungry ghosts
  Grum (D:11)
  9 vampire mosquitoes
  Menkaure (D:4)
  4 wargs
  A naga (Lair:4)
  Edmund (D:5)
  13 water moccasins
  6 porcupines
  3 ice beasts
  A sky beast (D:11)
  2 black bears (Lair:1)
  44 orc warriors
  4 phantoms
  An eye of draining (D:11)
  7 ogres
  24 wolves
  6 centaurs
  10 crocodiles
  A big kobold (D:13)
  11 bullfrogs
  A wyvern skeleton (D:10)
  A wyvern zombie (D:9)
  5 scorpions
  8 killer bees
  4 wights (D:9)
  3 howler monkeys
  5 crimson imps
  3 centaur zombies
  4 bullfrog zombies
  A quasit (D:13)
  6 hounds
  3 jellies
  3 centaur skeletons
  A human zombie (Ossuary)
  31 orc priests
  A gnoll shaman (Orc:2)
  A bullfrog skeleton (D:10)
  Jessica (D:2)
  5 iguanas
  Ijyb (D:5)
  6 hell rats (Lair:3)
  21 orc wizards
  9 worker ants
  2 hound skeletons
  5 mummies (Ossuary)
  9 gnolls
  A howler monkey skeleton (D:6)
  A worker ant zombie (D:10)
  10 adders
  13 river rats (Lair:3)
  An adder zombie (D:9)
  An adder skeleton (D:4)
  3 worms
  4 dart slugs
  5 leopard geckos
  67 orcs
  4 bats
  4 giant cockroaches
  4 gnoll zombies (Ossuary)
  13 goblins
  11 hobgoblins
  16 jackals
  5 quokkas
  2 ball pythons
  4 frilled lizards
  A goblin zombie (Ossuary)
  18 kobolds
  A kobold zombie (Ossuary)
  A quokka skeleton (D:4)
  22 rats
  3 bushes
  9 fungi
  16 plants
786 creatures vanquished.

Vanquished Creatures (others)
  A hydra (Lair:3)
  A lindwurm (Lair:5)
  A wizard (D:12)
  A komodo dragon (Lair:5)
  A troll (Orc:2)
  A hippogriff (D:12)
  A hog (D:14)
  A vampire mosquito (D:13)
  A warg (Orc:2)
  A porcupine (Lair:5)
  A wolf (Lair:1)
  A crocodile (Lair:6)
  A killer bee (D:7)
  An orc wizard (Orc:1)
  2 orcs (Orc:2)
  A quokka (Lair:3)
  3 bushes (Lair:6)
  12 fungi
  16 plants
48 creatures vanquished.

Grand Total: 834 creatures vanquished

Notes
Turn   | Place    | Note
-------+----------+-------------------------------------------
     0 | D:1      | Mrkan the Troll Monk began the quest for the Orb.
     0 | D:1      | Reached XP level 1. HP: 22/22 MP: 0/0
   204 | D:1      | Reached XP level 2. HP: 27/29 MP: 1/1
   448 | D:1      | Reached XP level 3. HP: 36/36 MP: 2/2
   899 | D:2      | Noticed Jessica
   909 | D:2      | Killed Jessica
   909 | D:2      | Reached skill level 5 in Unarmed Combat
   909 | D:2      | Reached XP level 4. HP: 44/44 MP: 3/3
  1180 | D:2      | Found a sacrificial altar of Ru.
  1254 | D:2      | Became a worshipper of Ru the Awakened
  1257 | D:2      | Gained mutation: You cannot study or cast Ice magic. [Ru
                  | sacrifice]
  1257 | D:2      | Gained mutation: You cannot study or cast Necromancy magic.
                  | [Ru sacrifice]
  1257 | D:2      | Gained mutation: You cannot study or cast Conjurations
                  | magic. [Ru sacrifice]
  1257 | D:2      | Reached * piety under Ru
  1422 | D:3      | Reached XP level 5. HP: 49/50 MP: 4/4
  1454 | D:3      | Found a glowing silver altar of Zin.
  1455 | D:3      | Noticed an angel
  1682 | D:3      | Found a shattered altar of Ashenzari.
  1822 | D:3      | Found a hide-covered altar of Uskayaw.
  1822 | D:3      | Noticed a +0 dagger
  1822 | D:3      | Noticed a +0 hand axe
  1951 | D:3      | Noticed Grinder
  1959 | D:3      | Killed Grinder
  1959 | D:3      | Reached XP level 6. HP: 37/59 MP: 5/5
  2584 | D:4      | Found a glowing golden altar of the Shining One.
  2672 | D:4      | Reached XP level 7. HP: 57/66 MP: 6/6
  2706 | D:4      | Noticed Menkaure
  2710 | D:4      | Killed Menkaure
  2759 | D:4      | Found a staircase to the Ecumenical Temple.
  2831 | D:4      | Gained mutation: You cannot be stealthy. [Ru sacrifice]
  2831 | D:4      | Reached ** piety under Ru
  3063 | D:5      | Entered Level 5 of the Dungeon
  3072 | D:5      | Noticed Ijyb
  3077 | D:5      | Killed Ijyb
  3364 | D:5      | Found a shimmering altar of Xom.
  3611 | D:5      | Reached XP level 8. HP: 67/74 MP: 7/7
  3813 | D:5      | Noticed Edmund
  3828 | D:5      | Killed Edmund
  3828 | D:5      | Reached skill level 10 in Unarmed Combat
  4325 | D:6      | Found a bloodstained altar of Trog.
  4433 | D:6      | Found Kics's Distillery.
  4520 | D:7      | Noticed Prince Ribbit
  4531 | D:7      | Killed Prince Ribbit
  4531 | D:7      | Reached skill level 5 in Fighting
  4654 | D:7      | Found a stormy altar of Qazlal.
  4750 | D:7      | Reached XP level 9. HP: 89/89 MP: 8/8
  4863 | D:7      | Gained mutation: You are hated by all. [Ru sacrifice]
  4863 | D:7      | Reached *** piety under Ru
  5288 | D:7      | Found a sparkling altar of Nemelex Xobeh.
  5314 | D:8      | Found Tubagh's Assorted Antiques.
  5413 | D:8      | Found an opulent altar of Gozag.
  5457 | D:8      | Reached skill level 1 in Shields
  5479 | D:8      | Found Onakeaff's Antique Weapon Shoppe.
  5528 | D:8      | Reached skill level 2 in Shields
  5561 | D:8      | Found a sand-covered staircase.
  5574 | Ossuary  | Entered an ossuary
  5626 | Ossuary  | Reached skill level 3 in Shields
  5860 | D:8      | Found Nafeid's Distillery.
  5885 | D:8      | Found Bopo's Weapon Boutique.
  5938 | D:8      | Found a radiant altar of Vehumet.
  5939 | D:8      | Found a shadowy altar of Dithmenos.
  5939 | D:8      | Found a basalt altar of Yredelemnul.
  6403 | D:9      | Reached skill level 4 in Shields
  6403 | D:9      | Reached XP level 10. HP: 104/104 MP: 9/9
  6524 | D:9      | Gained mutation: You are sensitive to extremes of
                  | temperature. (rF-, rC-) [Ru sacrifice]
  6524 | D:9      | Reached **** piety under Ru
  6524 | D:9      | Reached ***** piety under Ru
  6556 | D:9      | Reached skill level 5 in Shields
  6966 | D:9      | Found a deep blue altar of Sif Muna.
  6997 | D:9      | Found a staircase to the Lair.
  7131 | D:10     | Entered Level 10 of the Dungeon
  7402 | D:10     | Reached skill level 6 in Shields
  7403 | D:10     | Noticed an unseen horror
  7427 | D:10     | Killed an unseen horror
  7427 | D:10     | Reached skill level 1 in Throwing
  7555 | D:10     | Noticed a red ugly thing
  7584 | D:10     | Killed a red ugly thing
  7584 | D:10     | Reached skill level 7 in Shields
  7651 | D:10     | Noticed a wizard
  7655 | D:10     | Noticed a wizard
  7659 | D:10     | Noticed a wizard
  7661 | D:10     | Killed a wizard
  7661 | D:10     | Killed a wizard
  7661 | D:10     | Killed a wizard
  7661 | D:10     | Reached skill level 8 in Shields
  7661 | D:10     | Reached XP level 11. HP: 44/111 MP: 10/10
  7662 | D:10     | Noticed a wizard
  7745 | D:10     | Killed a wizard
  7855 | D:10     | Gained mutation: You are clumsy. (Dex -2) [Ru sacrifice]
  7855 | D:10     | Reached ****** piety under Ru
  7889 | D:10     | Noticed a wizard
  7896 | D:10     | Killed a wizard
  7900 | D:10     | Noticed a wizard
  7911 | D:10     | Killed a wizard
  7921 | D:10     | Noticed a wizard
  7941 | D:10     | Killed a wizard
  8003 | D:10     | Noticed a wizard
  8009 | D:10     | Killed a wizard
  8009 | D:10     | Reached skill level 5 in Throwing
  8009 | D:10     | Reached skill level 9 in Shields
  8010 | D:10     | Noticed a wizard
  8025 | D:10     | Killed a wizard
  8063 | D:10     | Noticed a wizard
  8072 | D:10     | Killed a wizard
  8092 | D:10     | Found the +3 warlock's mirror {reflect}
  8437 | Lair:1   | Entered Level 1 of the Lair of Beasts
  8437 | Lair:1   | Noticed an eight-headed hydra
  8440 | Lair:1   | Noticed Harold
  8441 | Lair:1   | Killed an eight-headed hydra
  8454 | Lair:1   | Reached skill level 10 in Shields
  8496 | Lair:1   | Killed Harold
  8496 | Lair:1   | Reached XP level 12. HP: 45/119 MP: 6/11
  9060 | Lair:2   | Reached skill level 11 in Shields
 10333 | Lair:3   | Identified Cerebov's Grimoire of the Volcanoes
 10350 | Lair:3   | Noticed an eight-headed hydra
 10353 | Lair:3   | Killed an eight-headed hydra
 10537 | Lair:3   | Noticed a five-headed hydra
 10546 | Lair:3   | Killed a nine-headed hydra
 10546 | Lair:3   | Reached skill level 12 in Shields
 11440 | Lair:4   | Found a staircase to the Swamp.
 11502 | Lair:4   | Noticed a death yak
 11518 | Lair:4   | Killed a death yak
 11519 | Lair:4   | Noticed a death yak
 11519 | Lair:4   | Noticed a death yak
 11519 | Lair:4   | Noticed a death yak
 11520 | Lair:4   | Noticed a death yak
 11559 | Lair:4   | Killed a death yak
 11613 | Lair:4   | Found a staircase to the Snake Pit.
 11620 | Lair:4   | Reached XP level 13. HP: 36/127 MP: 12/12
 12453 | Lair:5   | Found a runed translucent door.
 12453 | Lair:5   | Found a viscous altar of Jiyva.
 12457 | Lair:5   | Found a staircase to the Slime Pits.
 12580 | Lair:5   | Reached skill level 13 in Shields
 13637 | Lair:5   | Identified a scroll of acquirement
 13656 | Lair:6   | Entered Level 6 of the Lair of Beasts
 14180 | Lair:6   | Paralysed by a hornet for 1 turns
 14374 | Lair:6   | Reached skill level 10 in Throwing
 14724 | Lair:6   | Reached skill level 14 in Shields
 14795 | Lair:6   | Reached XP level 14. HP: 34/136 MP: 13/13
 16955 | D:11     | Reached skill level 5 in Dodging
 17139 | D:11     | Noticed Grum
 17147 | D:11     | Killed Grum
 17345 | D:11     | Noticed Menchi's ghost (journeyman GnFi)
 17449 | D:11     | Found a transporter.
 17452 | D:11     | Found a transporter.
 17694 | D:12     | Reached skill level 15 in Shields
 17776 | D:12     | Found Haejuwun's General Store.
 17887 | D:12     | Found a staircase to the Orcish Mines.
 18220 | D:12     | Found a bloodstained altar of Trog.
 19008 | Orc:1    | Entered Level 1 of the Orcish Mines
 19411 | Orc:1    | Found a deep blue altar of Sif Muna.
 19509 | Orc:2    | Entered Level 2 of the Orcish Mines
 19876 | Orc:2    | Noticed an orc warlord
 19901 | Orc:2    | Killed an orc warlord
 20753 | Orc:2    | Reached XP level 15. HP: 103/143 MP: 6/14
 21150 | Orc:2    | Found a staircase to the Elven Halls.
 21422 | Orc:2    | Found Nixaohy's Armour Boutique.
 21422 | Orc:2    | Found Asat's General Store.
 21423 | Orc:2    | Found Jifathok's Distillery.
 21423 | Orc:2    | Found Gion Fouc's Magic Scroll Boutique.
 21945 | D:13     | Reached skill level 10 in Dodging
 22366 | D:13     | Found a gate to the Vaults.
 22713 | D:14     | Reached skill level 1 in Armour
 22842 | D:14     | Got a translucent hat
 22848 | D:14     | Identified the +2 hat of Words of Power {rPois Regen+ Dex-3
                  | Stlth-} (You acquired it on level 14 of the Dungeon)
 22892 | D:14     | Found a glowing silver altar of Zin.
 22892 | D:14     | Noticed a daeva
 22908 | D:14     | Found a runed translucent door.
 23058 | D:14     | Noticed Kirke
 23124 | D:14     | Killed Kirke
 23141 | D:14     | Killed from afar by an efreet

Skill      XL: |  1  2  3  4  5  6  7  8  9 10 11 12 13 14 15 |
---------------+----------------------------------------------+-----
Unarmed Combat | 4 5 7 8 9 10 | 10.2
Stealth        | 0 |  0.0
Fighting       | 5 8 |  8.7
Shields        | 4 8 10 12 14 15 | 15.0
Throwing       | 3 6 8 10 | 10.0
Dodging        | 3 9 10 | 10.5
Armour         | 2 |  2.7

Action                   |  1- 3 |  4- 6 |  7- 9 | 10-12 | 13-15 || total
-------------------------+-------+-------+-------+-------+-------++-------
Melee: Unarmed           |    90 |   134 |   320 |   640 |  1797 ||  2981
       Punch             |     2 |     2 |     4 |       |       ||     8
       Flail             |       |       |       |       |     2 ||     2
Throw: Large rock        |       |       |       |    12 |    35 ||    47
       Javelin           |       |       |       |    13 |    29 ||    42
       Tomahawk          |       |       |       |     6 |       ||     6
       Throwing net      |       |       |       |     4 |       ||     4
Invok: Sacrifice Arcana  |       |     1 |       |       |       ||     1
       Sacrifice Stealth |       |       |     1 |       |       ||     1
       Sacrifice Love    |       |       |     1 |       |       ||     1
       Sacrifice Resista |       |       |       |     1 |       ||     1
       Apocalypse        |       |       |       |     3 |     6 ||     9
       Sacrifice Purity  |       |       |       |     1 |       ||     1
       Draw Out Power    |       |       |       |     1 |     8 ||     9
Evoke: Wand              |       |       |       |       |     1 ||     1
  Use: Scroll            |       |    10 |     5 |       |    13 ||    28
       Potion            |       |       |     7 |     2 |     6 ||    15
 Stab: Sleeping          |     2 |     3 |       |       |       ||     5
       Distracted        |       |     1 |     3 |     2 |    11 ||    17
       Invisible         |       |       |     3 |       |    14 ||    17
       Paralysed         |       |       |       |    16 |    29 ||    45
       Petrified         |       |       |       |       |     1 ||     1
  Eat: Chunk             |    14 |    12 |    29 |    55 |   107 ||   217
       Ration            |       |       |       |     2 |     1 ||     3
Armor: Robe              |    35 |    48 |    56 |    98 |   130 ||   367
       Troll leather arm |       |       |       |       |    74 ||    74
       Skin              |       |       |       |       |     2 ||     2
Dodge: Dodged            |    49 |    42 |    47 |   134 |   461 ||   733
Block: Large shield      |       |       |   117 |   474 |  1568 ||  2159
